 Dungeon Crawl Stone Soup version 0.29.1-1-gd02db69 (webtiles) character file.

Game seed: 4208122805169946357

63 Timinator the Insei (level 3, -2/28 HPs)
             Began as a Demigod Transmuter on Jan 20, 2023.
             Killed by divine providence
             ... invoked by an orc priest
              (8 damage)
             ... on level 2 of the Dungeon.
             The game lasted 00:02:58 (1658 turns).

Timinator the Insei (Demigod Transmuter)            Turns: 1658, Time: 00:02:59

Health: -2/28      AC:  2    Str: 11    XL:     3   Next: 61%
Magic:  9/9        EV: 12    Int: 15    God:
Gold:   42         SH:  0    Dex: 18    Spells: 3/6 levels left

rFire   . . .      SeeInvis .     - Unarmed
rCold   . . .      Faith    .   (no shield)
rNeg    . . .      Spirit   .   a - +0 robe
rPois   .          Reflect  .   (helmet currently unavailable)
rElec   .          Harm     .   (no cloak)
rCorr   .          Rampage  .   (no gloves)
Will    .....                   (boots currently unavailable)
Stlth   ++........              (no amulet)
HPRegen 0.09/turn               (no ring)
MPRegen 0.11/turn               (no ring)

@: appendages (expiring)
A: horns 2, talons 2, high MP 1, forlorn, divine attributes
a: End Transformation


You were on level 2 of the Dungeon.
You had temporarily grown beastly horns and talons.
You visited 1 branch of the dungeon, and saw 2 of its levels.

You collected 42 gold pieces.

Inventory:

Armour
 a - a +0 robe (worn)
 f - the +1 pair of boots "Varch" (melded) {rC+ rN+ Str+4}
   (You found it on level 2 of the Dungeon)

   Str:       It affects your strength (+4).
   rC:        It protects you from cold.
   rN:        It protects you from negative energy.
 i - a +0 ring mail
Scrolls
 c - 9 scrolls of identify {unknown}
 d - a scroll of teleportation {unknown}
 e - a scroll of poison {unknown}
 g - a scroll of amnesia {unknown}
 h - a scroll of noise {unknown}
 j - a scroll of magic mapping {unknown}
 k - a scroll of enchant weapon {unknown}
 l - a scroll of immolation {unknown}
Potions
 b - a potion of lignification


   Skills:
 + Level 1.3 Fighting
 + Level 0.7 Armour
 + Level 2.1 Dodging
 * Level 3.2 Unarmed Combat
 * Level 2.4 Spellcasting
 + Level 2.1 Transmutations


You had 3 spell levels left.
You knew the following spells:

 Your Spells              Type           Power      Damage    Failure   Level
a - Beastly Appendage     Tmut           16%        N/A       9%          1
b - Wereblood             Tmut           8%         N/A       14%         2

Your spell library contained the following spells:

 Spells                   Type           Power      Damage    Failure   Level
 Spider Form              Tmut/Pois      4%         N/A       38%         3
 Ice Form                 Ice/Tmut       4%         N/A       80%         4


Dungeon Overview and Level Annotations

Branches:
Dungeon (2/15)


Innate Abilities, Weirdness & Mutations

You have temporarily grown beastly horns and talons.
You have an increased reservoir of magic. (+10% MP)
You shall have no god before yourself.
Your divine heritage dramatically boosts your attributes as you level up.


Message History

Your horns disappear.
Your talons disappear.
The +1 pair of boots "Varch" {rC+ rN+ Str+4} unmelds from your body.
A ball python and a giant cockroach come into view.
The ball python hisses angrily.
Casting: Beastly Appendage (safe; 9% risk of failure)
Confirm with . or Enter, or press ? or * to list all spells.
You grow a pair of large bovine horns.
Your feet morph into talons.
The +1 pair of boots "Varch" {rC+ rN+ Str+4} melds into your body.
An orc comes into view. It is wielding a +0 club.
The ball python bites you. The ball python closely misses you.
The orc shouts!
You hit the ball python. You claw the ball python.
You kill the ball python!
The giant cockroach closely misses you.
The giant cockroach bites you but does no damage.
You see here a ball python corpse.
You hit the giant cockroach but do no damage.
You headbutt the giant cockroach.
You kill the giant cockroach!
An orc priest comes into view. It is wielding a +0 falchion.
An orc comes into view. It is wielding a +0 dagger.
The orc hits you with a +0 club.
The orc shouts!
The orc priest shouts!
You hit the orc but do no damage. Your headbutt misses the orc.
The orc hits you with a +0 club.
A hobgoblin comes into view.
The hobgoblin shouts!
You hit the orc but do no damage. You claw the orc.
The orc is lightly wounded.
Your transformation is almost over.
The orc hits you with a +0 club.
The orc priest calls upon Beogh to heal the orc.
The orc's wounds heal themselves!
The orc attacks as you move away! The orc hits you with a +0 club.
The orc priest invokes the aid of Beogh against you.
Beogh smites you!
* * * LOW HITPOINT WARNING * * *
The orc priest calls down the wrath of Beogh upon you.
Beogh smites you!
You die...

#.#. .# ####.#'####.#
#...........# ............#..
.....o.o....#...
............#..##
............#...#
#....g..†.o.#...#
###########@#...# #.....#.#...#
#)###.#.#...### #..).........<#
##########.###...##.####
#..........# #.#.##.#########
#.#....##..# #.#.##.##......####
#.#....##..# #.#.##.##.####....#
#.#....##..###.#.##.##.####.##.#


You could see an orc priest, 2 orcs and a hobgoblin.

Vanquished Creatures
  3 adders (D:2)
  A dart slug (D:1)
  2 orcs (D:2)
  6 ball pythons
  2 endoplasms
  A giant cockroach (D:2)
  2 kobolds
  6 bats
  A frilled lizard (D:1)
  6 goblins
  3 rats
33 creatures vanquished.

Notes
Turn   | Place    | Note
-------+----------+-------------------------------------------
     0 | D:1      | Timinator the Demigod Transmuter began the quest for the
                  | Orb.
     0 | D:1      | Reached XP level 1. HP: 15/15 MP: 5/5
   101 | D:1      | Reached skill level 1 in Fighting
   396 | D:1      | Reached XP level 2. HP: 22/23 MP: 4/7
   402 | D:1      | Learned a level 2 spell: Wereblood
   768 | D:1      | Reached skill level 3 in Unarmed Combat
   956 | D:2      | Identified the +1 pair of boots "Varch" {rC+ rN+ Str+4}
  1121 | D:2      | Reached XP level 3. HP: 19/28 MP: 7/9
  1658 | D:2      | Killed from afar by an orc priest

Illustrated notes

Levels and vault maps discovered:
D:1:      dpeg_arrival_arbitrary_b, layout_rooms, basic_ecumenical_altar
D:2:      layout_basic, uniq_terence

Skill      XL: |  1  2 |
---------------+-------+-----
Fighting       | 1 |  1.3
Spellcasting   | 2 |  2.4
Transmutations | 2 |  2.1
Unarmed Combat | 3 |  3.2
Dodging        | 2 |  2.1
Armour         | |  0.7

Action                   || total
-------------------------++-------
Melee: Unarmed           ||    88
       Kick              ||    16
       Headbutt          ||     8
 Cast: Beastly Appendage ||    17
 Stab: Sleeping          ||     2
Armor: Robe              ||    21
Dodge: Dodged            ||    66
